 Dungeon Crawl Stone Soup version 0.30-a0-852-g08b95dd62f (webtiles) character file.

Game seed: 542463127958925771

1353 Rocko1345 the Insei (level 8, -6/61 HPs)
             Began as a Green Draconian Transmuter on Mar 5, 2023.
             Was a Follower of Wu Jian.
             Mangled by a killer bee (8 damage)
             ... on level 7 of the Dungeon.
             The game lasted 00:18:12 (5919 turns).

Rocko1345 the Insei (Green Draconian Transmuter)    Turns: 5919, Time: 00:18:13

Health: -6/61      AC:  6    Str: 18    XL:     8   Next: 36%
Magic:  12/15      EV: 12    Int: 16    God:    Wu Jian [*.....]
Gold:   98         SH:  0    Dex: 12    Spells: 6/17 levels left

rFire   + . .      SeeInvis .      - Unarmed
rCold   + . .      Faith    .    (no shield)
rNeg    . . .      Spirit   .    (body armour unavailable)
rPois   +          Reflect  .    (helmet currently unavailable)
rElec   .          Rampage  .    C - scarf {rC+ rF+}
rCorr   .                        (no gloves)
Will    .....                    (boots currently unavailable)
Stlth   ++                       (no amulet)
HPRegen 0.30/turn                l - +6 ring of strength
MPRegen 0.14/turn                (no ring)

@: lethally poisoned (-6 -> -17), appendages, wereblooded
A: horns 2, talons 2, breathe noxious fumes, AC +6, unfitting armour, poison
resistance, cold-blooded
a: Breathe Noxious Fumes, End Transformation, Renounce Religion


You were on level 7 of the Dungeon.
You worshipped Wu Jian.
Wu Jian was aware of your devotion.
You had temporarily grown beastly horns and talons.
You visited 2 branches of the dungeon, and saw 8 of its levels.

You collected 196 gold pieces.
You spent 98 gold pieces at shops.

Inventory:

Hand Weapons
 h - a +2 spectral club
 p - the +5 dagger of the First Demons {venom, *Noise rElec rN+ Dex-3 Stlth+}
   (You found it on level 3 of the Dungeon)

   Dex:       It affects your dexterity (-3).
   rElec:     It insulates you from electricity.
   rN:        It protects you from negative energy.
   *Noise:    It may make noises in combat.
   Stlth:     It makes you more stealthy.
 t - a +1 rapier of venom
 y - a +0 giant spiked club
Missiles
 v - 9 poisoned darts
Armour
 r - a +2 helmet
 w - +0 steam dragon scales
 C - a scarf of resistance (worn)
Jewellery
 l - a +6 ring of strength (left hand)
Wands
 B - a wand of mindburst (5)
 D - a wand of roots (11)
Scrolls
 b - a scroll of teleportation {unknown}
 e - a scroll of noise {unknown}
 f - a scroll of vulnerability
 i - 3 scrolls of immolation
 k - a scroll of silence {unknown}
 u - 2 scrolls of blinking
 x - a scroll of fear {unknown}
 E - a scroll of enchant armour {unknown}
Potions
 a - a potion of lignification
 c - 2 potions of brilliance {unknown}
 d - a potion of magic
 g - a potion of heal wounds {unknown}
 j - 2 potions of attraction {unknown}
 m - 2 potions of cancellation
 n - a potion of degeneration {unknown}
 o - a potion of haste {unknown}
 s - a potion of curing {unknown}
 z - a potion of flight {unknown}
 A - a potion of might {unknown}


   Skills:
 + Level 2.1 Fighting
 + Level 2.8 Dodging
 + Level 1.3 Stealth
 * Level 6.8 Unarmed Combat
 * Level 5.3 Spellcasting
 * Level 5.1 Transmutations
 + Level 0.1 Air Magic
 + Level 1.0 Poison Magic
 + Level 0.2 Evocations


You had 6 spell levels left.
You knew the following spells:

 Your Spells              Type           Power      Damage    Failure   Level
a - Beastly Appendage     Tmut           40%        N/A       1%          1
b - Wereblood             Tmut           20%        N/A       2%          2
c - Spider Form           Tmut/Pois      14%        N/A       12%         3
d - Poisonous Vapours     Pois/Air       12%        N/A       17%         2
e - Mephitic Cloud        Conj/Pois/Air  5%         N/A       36%         3

Your spell library contained the following spells:

 Spells                   Type           Power      Damage    Failure   Level
 Apportation              Tloc           8%         N/A       16%         1
 Cigotuvi's Dreadful Rot  Necr/Pois/Air  10%        N/A       19%         2
 Vhi's Electric Charge    Tloc/Air       8%         N/A       41%         3
 Ice Form                 Ice/Tmut       12%        N/A       45%         4
 Alistair's Intoxication  Tmut/Pois      9%         N/A       75%         5
 Arcjolt                  Conj/Air       2%         1d12      99%         5
 Maxwell's Capacitive Co  Air            2%         ∞         100%        8


Dungeon Overview and Level Annotations

Branches:
Dungeon (7/15)             Temple (1/1) D:4

Altars:
Ashenzari
Cheibriados
Dithmenos
Elyvilon
Fedhas
Hepliaklqana
Makhleb
Nemelex Xobeh
Okawaru
Qazlal
Sif Muna
Trog
Uskayaw
Vehumet
Wu Jian
Xom
Yredelemnul
Zin
The Shining One

Shops:
D:5 *

Annotations:
D:5 2 runed translucent doors, Demosthentine's ghost, novice DsGl


Innate Abilities, Weirdness & Mutations

You have temporarily grown beastly horns and talons.
You can breathe blasts of noxious fumes.
Your lurid green scales are hard. (AC +6)
You cannot fit into any form of body armour.
Your system is resistant to poisons. (rPois)
You are cold-blooded and may be slowed by cold attacks.


Message History

A killer bee comes into view.
A kobold comes into view. It is wielding a +0 dagger.
The killer bee stings you.
Casting: Wereblood (safe; 2% risk of failure)
Confirm with . or Enter, or press ? or * to list all spells.
You grow a pair of large bovine horns.
Your feet morph into talons.
The killer bee stings you but does no damage.
The killer bee barely misses you. The killer bee stings you. x2
You are poisoned.
The killer bee poisons you! The killer bee closely misses you.
Casting: Beastly Appendage (safe; 1% risk of failure)
Confirm with . or Enter, or press ? or * to list all spells.
Your blood is infused with primal strength.
You feel sick. The killer bee stings you. The killer bee stings you! x2
The killer bee stings you. The killer bee barely misses you.
The killer bee stings you but does no damage.
The killer bee closely misses you. The killer bee stings you!
* * * LOW HITPOINT WARNING * * *
You are more poisoned.
The killer bee poisons you!
You miss the killer bee. Your kick misses the killer bee.
You tail-slap the killer bee.
The killer bee is moderately wounded.
* * * LOW HITPOINT WARNING * * *
You feel very sick. The killer bee closely misses you.
The killer bee stings you but does no damage. x2
The killer bee barely misses you.
You closely miss the killer bee. You headbutt the killer bee.
The killer bee is severely wounded.
* * * LOW HITPOINT WARNING * * *
You feel very sick. The killer bee stings you.
* * * LOW HITPOINT WARNING * * *
The killer bee stings you.
* * * LOW HITPOINT WARNING * * *
The killer bee misses you.
The killer bee stings you but does no damage.
The white imp closely misses you. The killer bee stings you!
You die... ......# .. ......# ##!# .....# ..... ...KK# .....
KKKK.#

#...# yKK..#
#...##yy...#
#...y@5# #
##.?yy.####..
#.>.........
#...........
####<.......
#.........
#.........
#.........
#.........


You could see a kobold brigand, 6 killer bees, a white imp and 7 kobolds.

Vanquished Creatures
  A steam dragon (D:6)
  A water moccasin (D:6)
  3 ice beasts (D:5)
  An ogre (D:5)
  A phantom (D:5)
  A bullfrog (D:6)
  5 scorpions
  2 hounds
  A gnoll bouda (D:5)
  An iguana (D:5)
  Robin (D:3)
  9 gnolls
  11 adders
  A white imp (D:5)
  2 worms (D:4)
  2 dart slugs
  5 orcs
  6 bats
  8 endoplasms
  A giant cockroach (D:1)
  12 goblins
  5 hobgoblins
  4 jackals (D:1)
  6 quokkas
  11 ball pythons
  A frilled lizard (D:1)
  8 kobolds
  3 rats
113 creatures vanquished.

Notes
Turn   | Place    | Note
-------+----------+-------------------------------------------
     0 | D:1      | Rocko1345 the Draconian Transmuter began the quest for the
                  | Orb.
     0 | D:1      | Reached XP level 1. HP: 16/16 MP: 3/3
   222 | D:1      | Reached XP level 2. HP: 9/23 MP: 1/5
   617 | D:1      | Reached XP level 3. HP: 28/28 MP: 3/6
   620 | D:1      | Learned a level 2 spell: Wereblood
  1220 | D:2      | Reached XP level 4. HP: 35/35 MP: 5/8
  1298 | D:2      | Found a faded altar of an unknown god.
  1418 | D:2      | Learned a level 3 spell: Spider Form
  1461 | D:2      | Reached skill level 4 in Unarmed Combat
  2047 | D:3      | Identified the +5 dagger of the First Demons {venom, *Noise
                  | rElec rN+ Dex-3 Stlth+}
  2164 | D:3      | Noticed Robin
  2185 | D:3      | Killed Robin
  2186 | D:3      | Reached XP level 5. HP: 35/40 MP: 4/9
  2512 | D:3      | Found a faded altar of an unknown god.
  2995 | D:3      | Found an iron altar of Okawaru.
  3593 | D:4      | Found a staircase to the Ecumenical Temple.
  3603 | Temple   | Entered the Ecumenical Temple
  3782 | Temple   | Became a worshipper of the Wu Jian Council
  3887 | D:5      | Entered Level 5 of the Dungeon
  3888 | D:5      | Noticed an ice beast
  3893 | D:5      | Reached XP level 6. HP: 47/47 MP: 9/11
  3899 | D:5      | Killed an ice beast
  4071 | D:5      | Noticed an ice beast
  4096 | D:5      | Killed an ice beast
  4097 | D:5      | Reached skill level 5 in Unarmed Combat
  4134 | D:5      | Your scales start taking on a lurid green colour.
  4134 | D:5      | Reached XP level 7. HP: 12/52 MP: 11/13
  4134 | D:5      | Gained mutation: Your system is resistant to poisons.
                  | (rPois) [Green Draconian growth]
  4278 | D:5      | Learned a level 2 spell: Poisonous Vapours
  4282 | D:5      | Learned a level 3 spell: Mephitic Cloud
  4507 | D:5      | Found a runed translucent door.
  4510 | D:5      | Noticed Demosthentine's ghost (novice DsGl)
  4564 | D:5      | Found a runed translucent door.
  4564 | D:5      | Found Awigokk's Gadget Gallery.
  4587 | D:5      | Bought a wand of mindburst (7) for 98 gold pieces
  4924 | D:5      | Reached skill level 1 in Stealth
  4959 | D:5      | Reached * piety under Wu Jian
  5241 | D:6      | Found a shimmering blue altar of Sif Muna.
  5244 | D:6      | Found a shimmering altar of Xom.
  5247 | D:6      | Found a sparkling altar of Nemelex Xobeh.
  5256 | D:6      | Reached skill level 6 in Unarmed Combat
  5257 | D:6      | Noticed a steam dragon
  5278 | D:6      | Killed a steam dragon
  5279 | D:6      | Reached skill level 5 in Spellcasting
  5279 | D:6      | Reached XP level 8. HP: 37/61 MP: 9/15
  5283 | D:6      | Reached skill level 5 in Transmutations
  5469 | D:6      | Reached skill level 1 in Poison Magic
  5573 | D:6      | Found a basalt altar of Yredelemnul.
  5919 | D:7      | HP: 2/61 [killer bee (6)]
  5919 | D:7      | Mangled by a killer bee

Illustrated notes

Levels and vault maps discovered:
D:1:      dpeg_arrival_rhombi, layout_loops_ring
D:2:      layout_basic, basic_ecumenical_altar
D:3:      layout_basic, nicolae_overflow_ecumenical_swirl, uniq_robin
D:4:      layout_cave_pools, minmay_temple_entry_poolview
D:5:      layout_loops_ring, ebering_ghost_sewer_f, nicolae_shop_gadgets
D:6:      layout_cave_pools, nicolae_overflow_crystal_walls,
          grunt_temple_overflow_open
D:7:      layout_rooms, nicolae_ru_great_annihilating_truth
Temple:   compressed_dpeg_circular_temple

Skill      XL: |  1  2  3  4  5  6  7  8 |
---------------+-------------------------+-----
Unarmed Combat | 4 5 6 |  6.8
Spellcasting   | 3 4 5 |  5.3
Transmutations | 3 4 5 |  5.1
Dodging        | 2 |  2.8
Stealth        | 1 |  1.3
Fighting       | 2 |  2.1
Poison Magic   | 1 |  1.0
Air Magic      | |  0.1
Evocations     | |  0.2

Action                     |  1- 3 |  4- 6 |  7- 9 || total
---------------------------+-------+-------+-------++-------
  Melee: Unarmed           |    83 |   142 |   118 ||   343
         Kick              |    12 |    32 |    16 ||    60
         Headbutt          |     9 |    21 |    12 ||    42
         Tailslap          |     8 |     9 |    19 ||    36
         Punch             |     1 |     3 |     9 ||    13
   Cast: Beastly Appendage |    29 |    35 |     8 ||    72
         Wereblood         |     3 |     7 |     5 ||    15
         Spider Form       |       |     1 |     1 ||     2
         Poisonous Vapours |       |       |     1 ||     1
Ability: Lunge             |       |     2 |     8 ||    10
         Breathe Noxious F |       |       |     2 ||     2
         Whirlwind         |       |       |    19 ||    19
  Evoke: Wand              |       |       |     2 ||     2
    Use: Scroll            |       |     5 |     2 ||     7
   Stab: Sleeping          |       |       |     2 ||     2
 Armour: Skin              |    40 |    71 |    21 ||   132
  Dodge: Dodged            |    66 |    94 |    85 ||   245

Table legend: (Time is in decaauts)
 A = Elapsed time spent in this place.
 B = Non-inter-level travel time spent in this place.
 C = Inter-level travel time spent in this place.
 D = Time resting spent in this place.
 E = Time spent auto-exploring this place.
 F = Levels seen in this place.
 G = Mean time per level.
                   A        B        C        D        E       F      G
               +--------+--------+--------+--------+--------+-----+--------+
         Total |   5895 |   5614 |    281 |    831 |   3340 |   8 |  736.9 |
       Dungeon |   5689 |   5408 |    281 |    831 |   3340 |   7 |  812.7 |
        Temple |    206 |    206 |      0 |      0 |      0 |   1 |  206.0 |
               +--------+--------+--------+--------+--------+-----+--------+

Top non-repeatable levels by time:
     D:5: 1329 daAuts
     D:3: 1063 daAuts
     D:1: 1019 daAuts
     D:2: 993 daAuts
     D:6: 685 daAuts
     D:4: 590 daAuts
  Temple: 206 daAuts
     D:7: 7 daAuts
